 Dungeon Crawl Stone Soup version 0.26-a0-812-g31a745ddcd (webtiles) character file.

Game seed: 13551830638581651639

1338 kae the Insei (level 8, -3/43 HPs)
             Began as a Tengu Transmuter on Nov 17, 2020.
             Was an Initiate of Ru.
             Killed from afar by an electric eel (17 damage)
             ... with a bolt of electricity
             ... on level 6 of the Dungeon.
             The game lasted 00:08:41 (9641 turns).

kae the Insei (Tengu Transmuter)                    Turns: 9641, Time: 00:08:42

Health: -3/43      AC:  2    Str: 13    XL:     8   Next: 61%
Magic:  19/21      EV: 28    Int: 16    God:    Ru [......]
Gold:   203        SH:  0    Dex: 19    Spells: 7/11 levels left

rFire    . . .     SeeInvis .     - Unarmed
rCold    . . .     Faith    .   (shield currently unavailable)
rNeg     . . .     Spirit   .   (armour currently unavailable)
rPois    x         Reflect  .   (helmet currently unavailable)
rElec    .         Harm     .   (cloak currently unavailable)
rCorr    .         Rampage  .   (gloves currently unavailable)
MR       .....                  (boots unavailable)
Stlth    ++........             (no amulet)
HPRegen  0.14/turn              q - +4 ring of evasion
MPRegen  0.17/turn              c - ring of magical power

@: spider-form (expiring), flying quickly and evasively, quick
A: tiny, clever 1, MP-powered wands, able to fly
a: Stop Flying, End Transformation, Renounce Religion


You were on level 6 of the Dungeon.
You worshipped Ru.
Ru was noncommittal.
You were a venomous arachnid creature.
You visited 2 branches of the dungeon, and saw 7 of its levels.

You collected 203 gold pieces.

Inventory:

Armour
 a - a +1 robe (melded)
 m - a +1 cloak (melded)
 n - a +1 pair of gloves (melded)
Jewellery
 c - a ring of magical power (right front leg)
 q - a +4 ring of evasion (left front leg)
Scrolls
 h - a scroll of blinking
 j - a scroll of remove curse
 s - a scroll of magic mapping
Potions
 b - 2 potions of curing
 d - 3 potions of lignification
 e - a potion of attraction
 f - 2 potions of might
 g - a potion of mutation
 o - a potion of magic
 p - 2 potions of flight
 r - a potion of berserk rage


   Skills:
 - Level 1.0 Fighting
 - Level 2.1 Dodging
 + Level 7.2 Unarmed Combat
 - Level 2.0 Spellcasting
 * Level 7.2 Transmutations


You had 7 spell levels left.
You knew the following spells:

 Your Spells              Type           Power        Failure   Level
a - Beastly Appendage     Tmut           ###...       5%          1
b - Spider Form           Tmut/Pois      ##........   32%         3

Your spell library contained the following spells:

 Spells                   Type           Power        Failure   Level
 Wereblood                Tmut           ###.....     7%          2
 Blade Hands              Tmut           ###.......   52%         5
 Ice Form                 Ice/Tmut       ##......     65%         4


Dungeon Overview and Level Annotations

Branches:
Dungeon (6/15)             Temple (1/1) D:5

Altars:
Ashenzari
Cheibriados
Dithmenos
Elyvilon
Fedhas
Gozag
Hepliaklqana
Kikubaaqudgha
Makhleb
Nemelex Xobeh
Okawaru
Qazlal
Ru
Sif Muna
Trog
Uskayaw
Vehumet
Xom
Yredelemnul
Zin
The Shining One

Annotations:
D:2 Robin, Terence
D:3 1 runed translucent door, Crazy Yiuf, Grinder
D:4 Sigmund


Innate Abilities, Weirdness & Mutations

((You have a beak for a mouth.))
((You have claws for feet.))
You can fly continuously.
Your mind is acute. (Int +2)
You expend magic power (3 MP) to strengthen your wands.


Message History

Your +1 robe melds into your body.
You see here a stone.
The gnoll shouts!
The electric eel shoots out a bolt of lightning at you!
The bolt of electricity hits you!
The electric eel shoots out a bolt of lightning at you!
The bolt of electricity hits you!
You hit the electric eel.
The electric eel is lightly wounded.
You bite the electric eel!
The electric eel is poisoned.
The electric eel is severely wounded.
A black bear comes into view.
The electric eel shoots out a bolt of lightning at you!
The bolt of electricity hits you!
You closely miss the electric eel.
The electric eel is severely wounded.
Your transformation is almost over.
The electric eel shoots out a bolt of lightning at you!
The bolt of electricity hits you!
You die...

..###................ .#
.## ###....##...##### .#
.# ###.##...#### .## ..#
###..###.(#####..###.#
.##
#.###..#.((((..).÷......
..
#..........(<#####.......
....######((## .......
...###.(....(############
. .. #.......s........ .
. ....≈≈≈≈;≈≈≈≈≈≈≈.
#..≈≈...[.g....≈≈ .
#.≈≈.....##.$?..≈ .
..≈.....## #....≈
..≈....## #h..≈ ≈≈≈....
...≈ ≈≈..... .. ...##.


You could see a black bear (wandering), an electric eel (very poisoned) and a
gnoll.

Vanquished Creatures
  Duvessa (D:4)
  A sky beast (D:6)
  An ogre (D:6)
  A centaur (D:5)
  2 gnoll sergeants
  Dowan (D:4)
  A wight (D:6)
  A bullfrog zombie (D:5)
  A jelly (D:5)
  2 gnoll shamans (D:6)
  6 hounds
  An iguana (D:4)
  6 worker ants
  A howler monkey zombie (D:5)
  A worker ant zombie (D:2)
  10 gnolls (D:6)
  7 adders
  3 ufetubi (D:5)
  An adder skeleton (D:5)
  2 worms
  3 dart slugs
  3 leopard geckos
  2 orcs (D:3)
  15 bats
  2 giant cockroaches (D:2)
  12 goblins
  8 hobgoblins
  4 jackals
  3 quokkas
  2 ball pythons
  4 frilled lizards
  10 kobolds
  A leopard gecko skeleton (D:6)
  A leopard gecko zombie (D:5)
  A quokka skeleton (D:5)
  11 rats
132 creatures vanquished.

Vanquished Creatures (others)
  An ufetubus (D:6)
  18 fungi (D:5)
  31 plants (D:3)
50 creatures vanquished.

Grand Total: 182 creatures vanquished

Notes
Turn   | Place    | Note
-------+----------+-------------------------------------------
     0 | D:1      | kae the Tengu Transmuter began the quest for the Orb.
     0 | D:1      | Reached XP level 1. HP: 12/12 MP: 4/4
   296 | D:1      | Reached XP level 2. HP: 16/16 MP: 4/6
   652 | D:1      | Reached XP level 3. HP: 20/20 MP: 5/7
  1576 | D:2      | Noticed Terence
  2132 | D:2      | Noticed Robin
  2137 | D:2      | Gained mutation: Your mind is acute. (Int +2) [potion of
                  | mutation]
  2137 | D:2      | Gained mutation: You expend magic power (3 MP) to
                  | strengthen your wands. [potion of mutation]
  2561 | D:2      | Reached XP level 4. HP: 25/25 MP: 6/8
  2978 | D:2      | Found a faded altar of an unknown god.
  4167 | D:3      | Gained mutation: You can fly continuously. [Tengu growth]
  4167 | D:3      | Reached XP level 5. HP: 25/29 MP: 7/9
  4197 | D:3      | Learned a level 3 spell: Spider Form
  4952 | D:3      | Found a runed translucent door.
  4953 | D:3      | Noticed Crazy Yiuf
  5075 | D:3      | Noticed Grinder
  5079 | D:3      | Paralysed by Grinder for 2 turns
  5579 | D:4      | Noticed Sigmund
  5607 | D:4      | Noticed Duvessa
  5610 | D:4      | Noticed Dowan
  5620 | D:4      | Reached XP level 6. HP: 32/34 MP: 6/10
  5633 | D:4      | Killed Duvessa
  5633 | D:4      | Reached skill level 5 in Unarmed Combat
  5639 | D:4      | Killed Dowan
  6165 | D:5      | Entered Level 5 of the Dungeon
  6183 | D:5      | Reached skill level 5 in Transmutations
  6272 | D:5      | Reached XP level 7. HP: 33/38 MP: 9/11
  6875 | D:5      | Found a staircase to the Ecumenical Temple.
  6933 | Temple   | Entered the Ecumenical Temple
  7182 | Temple   | Became a worshipper of Ru the Awakened
  8027 | D:6      | Reached XP level 8. HP: 32/43 MP: 12/12
  9641 | D:6      | Killed from afar by an electric eel

Illustrated notes

Levels and vault maps discovered:
D:1:      onia_arrival_mini_maze_b, layout_basic
D:2:      layout_loops_corners, chequers_ecumenical_altar_simple_redux,
          uniq_robin, uniq_terence
D:3:      kennysheep_goblin_castle, layout_loops_ring, serial_bayou,
          serial_bayou_shore_b, serial_bayou_shore_a, serial_bayou_ford_a,
          serial_bayou_pond_e, uniq_grinder, uniq_crazy_yiuf_cottage
D:4:      layout_basic, kennysheep_big_empty_room, uniq_duvessa, uniq_sigmund
D:5:      layout_loops_ring, minmay_temple_entry_glass, serial_aquarium,
          aquarium_bridge_straight [aquarium_subvault_bridge,
          aquarium_subvault_window, aquarium_subvault_bridge,
          aquarium_subvault_window], aquarium_bridge_island_small
          [aquarium_subvault_small_open, aquarium_subvault_window,
          aquarium_subvault_window, aquarium_subvault_bridge,
          aquarium_subvault_bridge], aquarium_window_corner,
          aquarium_window_fake, aquarium_window_fake, aquarium_window_fake,
          aquarium_view_2b, aquarium_view_2f, aquarium_balcony_3b,
          aquarium_pool_double, hangedman_decor_slide_cut, minivault_24,
          minmay_checkerbox
D:6:      layout_cave_pools, serial_gnoll_camp, gnoll_camp_mini_loothouse,
          gnoll_camp_huts_moat, gnoll_camp_mini_doghouse, gnoll_camp_mini_house,
          gnoll_camp_mini_house, gnoll_camp_mini_basic
Temple:   roderic_octagonal_lattice_temple

Skill      XL: |  1  2  3  4  5  6  7  8 |
---------------+-------------------------+-----
Transmutations | 2 3 4 5 6 7 |  7.2
Unarmed Combat | 4 5 6 7 |  7.2
Fighting       | |  1.0
Dodging        | |  2.1
Spellcasting   | |  2.0

Action                   |  1- 3 |  4- 6 |  7- 9 || total
-------------------------+-------+-------+-------++-------
Melee: Unarmed           |   137 |   137 |   161 ||   435
       Kick              |    24 |    24 |    19 ||    67
       Headbutt          |    14 |    12 |     3 ||    29
       Peck              |    10 |    17 |     9 ||    36
       Punch             |     2 |     1 |     2 ||     5
 Cast: Beastly Appendage |    23 |    22 |     4 ||    49
       Spider Form       |       |     4 |    15 ||    19
 Abil: Fly               |       |     1 |       ||     1
  Use: Scroll            |     7 |     8 |     7 ||    22
       Potion            |     2 |       |     2 ||     4
 Stab: Sleeping          |     1 |     1 |       ||     2
Armor: Robe              |    45 |    24 |    15 ||    84
Dodge: Dodged            |   110 |   116 |   213 ||   439

Table legend: (Time is in decaauts)
 A = Elapsed time spent in this place.
 B = Non-inter-level travel time spent in this place.
 C = Inter-level travel time spent in this place.
 D = Time resting spent in this place.
 E = Time spent auto-exploring this place.
 F = Levels seen in this place.
 G = Mean time per level.
                   A        B        C        D        E       F      G
               +--------+--------+--------+--------+--------+-----+--------+
         Total |   9383 |   9074 |    309 |   1779 |   6115 |   7 | 1340.4 |
       Dungeon |   9139 |   8883 |    256 |   1779 |   5927 |   6 | 1523.2 |
        Temple |    243 |    191 |     52 |      0 |    188 |   1 |  243.0 |
               +--------+--------+--------+--------+--------+-----+--------+

Top non-repeatable levels by time:
     D:2: 2264 daAuts
     D:5: 2183 daAuts
     D:1: 1787 daAuts
     D:3: 1123 daAuts
     D:6: 900 daAuts
     D:4: 881 daAuts
  Temple: 243 daAuts
